 Dungeon Crawl Stone Soup version 0.31-a0-1338-gb567cfdca4 (webtiles) character file.

Game seed: 6597863280685342428

174470 Rennog the Wrestler (level 17, -3/175 HPs)
             Began as a Troll Fighter on Dec 22, 2023.
             Was the Champion of Trog.
             Slain by a ghost moth (6 damage)
             ... while paralysed
             ... on level 3 of the Spider Nest.
             The game lasted 01:02:22 (29223 turns).

Rennog the Wrestler (Troll Fighter)                Turns: 29223, Time: 01:02:26

Health: -3/175     AC: 14    Str: 22 (30) XL:     17   Next: 45%
Magic:  0/16       EV:  1    Int:  0 (4)  God:    Trog [******]
Gold:   3029       SH:  0    Dex:  7 (13) Spells: 16/16 levels left

rFire   + +          .
                       - Unarmed
rCold   x . .        b - +0 kite shield
rNeg    . . .        Y - +0 fire dragon scales
rPois   .            (helmet restricted)
rElec   .            X - +0 cloak
rCorr   .            (gloves unavailable)
SInv    +            (boots unavailable)
Will    +....        D - amulet of the acrobat Stlth
                     d - ring of see invisible
HPRegen 1.29/turn    S - +4 ring of slaying
MPRegen 0.15/turn

%: acrobat
@: paralysed, on berserk cooldown, slowed, lost intelligence, unable to read
A: large, unfitting armour, claws 3, regeneration 1, shaggy fur 1, tough skin 1
a: Renounce Religion, Berserk, Trog's Hand, Brothers in Arms


You were on level 3 of the Spider Nest.
You worshipped Trog.
Trog was exalted by your worship.
You visited 6 branches of the dungeon, and saw 28 of its levels.
You also visited: Sewer and Bailey.

You collected 3029 gold pieces.

Inventory:

Hand Weapons
 I - the +8 whip "Snakebite" {venom, curare, rPois}
   (You found it on level 1 of the Lair of Beasts)

   rPois:     It protects you from poison
 L - a +3 scimitar of flaming
 Q - the +11 rapier "Kemuduok" {flame, rElec SInv}
   (Trog gifted it to you on level 2 of the Lair of Beasts)

   rElec:     It insulates you from electricity.
   SInv:      It lets you see invisible.
Armour
 b - a +0 kite shield (worn)
 X - a +0 cloak (worn)
 Y - +0 fire dragon scales (worn)
Jewellery
 d - a ring of see invisible (left claw)
 g - an amulet of guardian spirit
 B - a ring of positive energy
 D - an amulet of the acrobat (around neck)
 F - a +6 ring of strength
 G - a ring of poison resistance
 O - a +4 ring of protection
 S - a +4 ring of slaying (right claw)
 V - the ring of Lilacs {rC+ Dex+4}
   (You took it off a vampire knight on level 15 of the Dungeon)

   [ring of protection from cold]

   Dex+4:     It affects your dexterity (+4).
   rC+:       It protects you from cold.
Wands
 k - a wand of iceblast (30)
 z - a wand of paralysis (44)
 C - a wand of light (26)
 E - a wand of polymorph (10)
 R - a wand of flame (21)
 W - a wand of mindburst (9)
Scrolls
 a - 2 scrolls of identify
 e - 2 scrolls of torment
 n - 8 scrolls of teleportation
 o - 4 scrolls of enchant weapon
 p - 6 scrolls of amnesia
 r - 7 scrolls of noise
 s - 3 scrolls of poison
 t - a scroll of blinking
 x - 9 scrolls of enchant armour
 y - 2 scrolls of fear
 H - 4 scrolls of fog
 J - a scroll of butterflies
 P - 3 scrolls of revelation
 T - a scroll of brand weapon
 Z - a scroll of immolation
Potions
 c - 4 potions of might
 f - 2 potions of ambrosia
 h - a potion of resistance
 i - 3 potions of degeneration
 j - 2 potions of magic
 l - 8 potions of curing (quivered)
 m - 4 potions of heal wounds
 q - 2 potions of enlightenment
 u - 8 potions of mutation
 v - 3 potions of cancellation
 w - 2 potions of invisibility
 A - 6 potions of lignification
 K - 5 potions of attraction
 M - a potion of brilliance
 N - 4 potions of haste
Miscellaneous
 U - a phantom mirror


   Skills:
 + Level 12.4 Fighting
 + Level 8.4 Armour
 + Level 8.2 Dodging
 - Level 1.4 Stealth
 + Level 13.1 Shields
 * Level 21.5 Unarmed Combat


You had 16 spell levels left.
You didn't know any spells.
Your spell library was empty.

Dungeon Overview and Level Annotations

Branches:
Dungeon (15/15)            Temple (0/1) D:4            Lair (5/5) D:10
  Swamp (1/4) Lair:3       Spider (4/4) Lair:3        Slime (0/5) Lair:4
    Orc (2/2) D:11            Elf (0/3) Orc:2        Depths (1/4) D:15
  Sewer (visited)          Bailey (visited)
 Vaults: D:13-14

Altars:
Dithmenos
Fedhas
Kikubaaqudgha
Nemelex Xobeh
Okawaru
Sif Muna
Trog
Wu Jian
Yredelemnul
The Shining One

Shops:
D:10 :   Orc:1 [   Orc:2 **[:(

Portals:
Trove: D:13 (give 12 scrolls of teleportation)

Annotations:
D:9 4 transporters
Spider:2 2 transporters, Baxzics's ghost, adept DECj; Roxanne
Spider:3 Arachne


Innate Abilities, Weirdness & Mutations

You are too large for most types of armour.
You have claws for hands.
Your natural rate of healing is unusually fast.
You are covered in fur. (AC +1)
You have tough skin. (AC +1)


Message History

* * * LOW HITPOINT WARNING * * *
You feel clumsy. Something hits you but does no damage.
Something stings you but does no damage.
You closely miss something. Something hits you but does no damage.
Something hits you.
* * * LOW HITPOINT WARNING * * *
You feel clumsy. Something stings you.
* * * LOW HITPOINT WARNING * * *
You remove your ring of poison resistance.
Something hits you!
* * * LOW HITPOINT WARNING * * *
Something hits you!
* * * LOW HITPOINT WARNING * * *
Something stings you but does no damage.
Reactivating autopickup.
d - a ring of see invisible (left claw)
A ghost moth comes into view.
The ghost moth stares at you.
You feel your power leaking away. The ghost moth hits you.
* * * LOW HITPOINT WARNING * * *
You feel clumsy. You block the ghost moth's attack.
The ghost moth completely misses you.
You closely miss the ghost moth.
The ghost moth is moderately wounded.
The ghost moth stares at you. The ghost moth hits you!
* * * LOW HITPOINT WARNING * * *
You block the ghost moth's attack. The ghost moth stings you.
* * * LOW HITPOINT WARNING * * *
You feel dopey.
You have lost your intelligence.
The ghost moth stares at you.
You feel your power leaking away. The ghost moth hits you!
* * * LOW HITPOINT WARNING * * *
The ghost moth hits you but does no damage.
The ghost moth stings you.
You die...

### ### ##.# #.## #..###
#y@## ###
...#.##########^..### ##.##
#....##.##...####...# #.^.#
##
###...........##†.^.###^.##
#^
....#..#..##^....##..#..###
##
#..###.##..##....#........##
###.
##...####.#####..##.#.#..#.#
#... †...## #####
##..######..#####.# ..###
#...####..## ##^...#.####


You could see a ghost moth (invisible).

Vanquished Creatures
  2 azure jellies (Lair:5)
  A rockslime (Lair:5)
  5 emperor scorpions
  3 ghost moths
  2 broodmothers (Spider:3)
  An orc warlord (Orc:2)
  3 quicksilver oozes (Lair:5)
  A stone giant (D:13)
  An eleionoma (Lair:3)
  A vampire knight (D:15)
  A spark wasp (Spider:4)
  Snorg (D:14)
  A yaktaur captain (D:13)
  2 ettins
  4 entropy weavers
  Josephine (D:11)
  3 fire dragons
  A vault guard (D:13)
  A great orb of eyes (Lair:5)
  4 hydras
  3 rakshasas
  2 alligators (Swamp:1)
  3 catoblepae (Lair:5)
  An ogre mage (D:15)
  A radroach (Spider:4)
  3 jorogumos
  7 centaur warriors
  9 two-headed ogres
  4 boulder beetles
  21 death yaks
  4 tengu warriors
  4 orc high priests (Orc:2)
  5 hell knights
  5 demonic crawlers
  5 pharaoh ants
  3 sun moths
  A deep troll (D:15)
  8 orb spiders
  A flayed ghost (D:13)
  A bog body (Lair:3)
  7 orc knights
  A necromancer (D:13)
  4 orc sorcerers
  4 steelbarb worms
  2 deep elf pyromancers
  14 wolf spiders
  4 ugly things (D:14)
  2 manticores (Lair:5)
  2 kobold blastminers (Orc:2)
  7 cyclopes
  11 elephants
  6 black mambas
  6 moths of wrath
  3 torpor snails
  5 gargoyles
  3 unseen horrors
  7 cane toads
  3 tengu conjurers (D:15)
  16 komodo dragons
  3 rime drakes
  2 efreet
  2 kobold demonologists
  6 trolls
  Prince Ribbit (Lair:1)
  14 blink frogs
  6 meliai
  24 tarantellas
  2 hornets
  7 dream sheep
  A centaur simulacrum (D:15)
  25 slime creatures
  19 culicivoras
  A shadow (D:10)
  2 spriggans (Swamp:1)
  23 jumping spiders
  8 wraiths
  A water elemental (D:11)
  58 yaks
  A vampire (D:13)
  4 wyverns
  3 basilisks
  14 vampire mosquitoes
  3 wargs
  59 redbacks
  Menkaure (D:5)
  4 acid dragons
  Duvessa (D:7)
  29 water moccasins
  A swamp drake (D:11)
  An ice beast (D:7)
  2 sky beasts
  34 orc warriors
  A black bear (Lair:3)
  3 ogres
  11 wolves
  6 centaurs
  2 boggarts (Depths:1)
  3 kobold brigands
  11 bullfrogs
  3 gnoll sergeants
  3 scorpions
  3 wights (D:7)
  Dowan (D:7)
  7 killer bees
  5 electric eels
  4 howler monkeys
  15 orc priests
  5 hounds
  11 jellies (Lair:5)
  Natasha (thrice) (D:2)
  2 iguanas
  31 orc wizards
  18 gnolls
  29 adders
  6 river rats
  2 shadow imps
  2 bombardier beetles
  3 worms
  4 dart slugs
  74 orcs
  5 ball pythons
  9 endoplasms
  7 giant cockroaches
  12 hobgoblins
  8 jackals
  18 kobolds
  10 quokkas
  8 bats
  4 frilled lizards
  17 goblins
  8 rats
973 creatures vanquished.

Vanquished Creatures (others)
  A culicivora (Spider:4)
  2 foxfires (Swamp:1)
3 creatures vanquished.

Grand Total: 976 creatures vanquished

Notes
Turn   | Place    | Note
-------+----------+-------------------------------------------
     0 | D:1      | Rennog the Troll Fighter began the quest for the Orb.
     0 | D:1      | Reached XP level 1. HP: 22/22 MP: 0/0
   124 | D:1      | Reached XP level 2. HP: 29/29 MP: 1/1
   206 | D:1      | You fall into a shaft and drop 1 floor!
   228 | D:2      | Noticed Natasha
   239 | D:2      | Killed Natasha
   240 | D:2      | Reached skill level 3 in Unarmed Combat
   240 | D:2      | Reached XP level 3. HP: 35/37 MP: 2/2
   282 | D:2      | Noticed Natasha
   289 | D:2      | Killed Natasha
   290 | D:2      | Reached XP level 4. HP: 45/45 MP: 3/3
   572 | D:2      | Noticed Natasha
   580 | D:2      | Killed Natasha
   581 | D:2      | Reached skill level 4 in Unarmed Combat
  1180 | D:3      | Reached XP level 5. HP: 26/53 MP: 4/4
  1295 | D:3      | Found a bloodstained altar of Trog.
  1306 | D:3      | Became a worshipper of Trog the Wrathful
  1520 | D:3      | Reached skill level 5 in Unarmed Combat
  1860 | D:4      | Found a shimmering blue altar of Sif Muna.
  2161 | D:4      | Found a staircase to the Ecumenical Temple.
  2200 | D:4      | Reached * piety under Trog
  2220 | D:4      | Reached XP level 6. HP: 61/61 MP: 5/5
  2230 | D:4      | Found a glowing drain.
  2246 | Sewer    | Entered a sewer
  2546 | Sewer    | Reached skill level 6 in Unarmed Combat
  2998 | D:4      | Found a blossoming altar of Fedhas.
  3203 | D:5      | Entered Level 5 of the Dungeon
  3354 | D:5      | Reached ** piety under Trog
  3450 | D:5      | Noticed Menkaure
  3456 | D:5      | Killed Menkaure
  3457 | D:5      | Reached skill level 7 in Unarmed Combat
  3457 | D:5      | Reached XP level 7. HP: 59/67 MP: 3/6
  3672 | D:5      | Found a glowing golden altar of the Shining One.
  4115 | D:6      | Reached skill level 8 in Unarmed Combat
  4207 | D:6      | Reached skill level 1 in Stealth
  4383 | D:6      | Reached XP level 8. HP: 75/75 MP: 5/7
  4499 | D:6      | Found an iron altar of Okawaru.
  4539 | D:6      | Reached skill level 9 in Unarmed Combat
  4825 | D:8      | Found an ornate altar of the Wu Jian Council.
  5357 | D:8      | Found a sparkling altar of Nemelex Xobeh.
  5381 | D:8      | Identified the +9 long sword of Defilement {drain, *Rage
                  | Int+4}
  5660 | D:8      | Reached skill level 10 in Unarmed Combat
  5770 | D:9      | Reached *** piety under Trog
  5941 | D:8      | Reached XP level 9. HP: 63/84 MP: 5/8
  5995 | D:9      | Reached skill level 11 in Unarmed Combat
  5999 | D:9      | Noticed a two-headed ogre
  6121 | D:9      | Paralysed by a hornet for 2 turns
  6301 | D:9      | Found a transporter.
  6303 | D:9      | Found a transporter.
  6305 | D:9      | Found a transporter.
  6343 | D:9      | Found a transporter.
  6430 | D:9      | Reached skill level 5 in Fighting
  6430 | D:9      | Reached skill level 12 in Unarmed Combat
  6659 | D:9      | Reached XP level 10. HP: 74/96 MP: 6/9
  6730 | D:9      | Noticed a two-headed ogre
  6736 | D:9      | Killed a two-headed ogre
  6737 | D:9      | Reached skill level 5 in Shields
  6874 | D:10     | Entered Level 10 of the Dungeon
  6961 | D:10     | Reached skill level 13 in Unarmed Combat
  7076 | D:10     | Found a flagged portal.
  7111 | Bailey   | Entered a bailey
  7403 | Bailey   | Reached **** piety under Trog
  7405 | Bailey   | Noticed a smoke demon
  7535 | D:10     | Found Omughik's Book Shop.
  7652 | D:10     | Noticed a death yak
  8003 | D:7      | Noticed Duvessa
  8005 | D:7      | Noticed Dowan
  8009 | D:7      | Killed Duvessa
  8013 | D:7      | Killed Dowan
  8154 | D:7      | Found an ancient bone altar of Kikubaaqudgha.
  8481 | D:10     | Reached XP level 11. HP: 104/107 MP: 8/10
  8514 | D:10     | Noticed a death yak
  8522 | D:10     | Noticed a death yak
  8528 | D:10     | Killed a death yak
  8566 | D:11     | Killed a death yak
  8567 | D:11     | Reached skill level 14 in Unarmed Combat
  8714 | D:11     | Found a staircase to the Orcish Mines.
  8758 | D:11     | Noticed a four-headed hydra
  8815 | D:11     | Noticed Josephine
  8867 | D:11     | Killed Josephine
  9029 | D:10     | Found a staircase to the Lair.
  9042 | D:10     | Killed a death yak
  9197 | D:10     | Found a basalt altar of Yredelemnul.
  9452 | D:11     | Noticed a boulder beetle
  9484 | D:11     | Noticed a tengu warrior
  9486 | D:11     | Killed a boulder beetle
  9524 | D:11     | Killed a tengu warrior
  9630 | D:11     | Noticed a tengu warrior
  9651 | D:11     | Killed a tengu warrior
  9753 | D:11     | Reached skill level 15 in Unarmed Combat
  9995 | D:11     | Reached ***** piety under Trog
 10153 | D:11     | Killed a one-headed hydra
 10154 | D:11     | Reached XP level 12. HP: 51/119 MP: 3/11
 10621 | Lair:1   | Entered Level 1 of the Lair of Beasts
 10996 | Lair:1   | Noticed Prince Ribbit
 11010 | Lair:1   | Killed Prince Ribbit
 11391 | Lair:1   | Reached skill level 16 in Unarmed Combat
 11545 | Lair:1   | Found the +8 whip "Snakebite" {venom, curare, rPois}
 11805 | Lair:2   | Identified the +11 rapier "Kemuduok" {flame, rElec SInv}
                  | (Trog gifted it to you on level 2 of the Lair of Beasts)
 11805 | Lair:2   | Received a gift from Trog
 11849 | Lair:2   | Found a frozen archway.
 11861 | Lair:2   | Noticed a death yak
 11862 | Lair:2   | Noticed a death yak
 11898 | Lair:1   | Killed a death yak
 12005 | Lair:2   | Noticed a death yak
 12006 | Lair:2   | Noticed a death yak
 12006 | Lair:2   | Noticed a death yak
 12034 | Lair:1   | Killed a death yak
 12689 | Lair:1   | Killed a death yak
 12721 | Lair:1   | Killed a death yak
 12722 | Lair:1   | Reached XP level 13. HP: 130/130 MP: 12/12
 12761 | Lair:3   | Found a bloodstained altar of Trog.
 12941 | Lair:3   | Reached skill level 5 in Dodging
 12980 | Lair:3   | Found a hole to the Spider Nest.
 14071 | D:12     | Reached skill level 17 in Unarmed Combat
 14279 | D:12     | Found a bloodstained altar of Trog.
 14410 | D:12     | Received a gift from Trog
 14955 | D:13     | Reached skill level 1 in Armour
 15686 | D:13     | Reached skill level 10 in Shields
 15704 | D:13     | Noticed a fire dragon
 16136 | Lair:3   | Found a staircase to the Swamp.
 16157 | Lair:3   | Reached XP level 14. HP: 129/141 MP: 10/13
 16380 | Lair:4   | Found a staircase to the Slime Pits.
 17172 | Lair:5   | Entered Level 5 of the Lair of Beasts
 17178 | Lair:5   | Reached skill level 18 in Unarmed Combat
 17209 | Lair:5   | Received a gift from Trog
 17267 | Lair:5   | Reached skill level 10 in Fighting
 17332 | Lair:5   | Identified the +5 long sword of Foolhardiness {freeze, rC+
                  | Str-5 Int+6 Dex-4}
 17658 | Lair:5   | Found a shadowy altar of Dithmenos.
 17694 | Lair:5   | Noticed a quicksilver ooze
 17700 | Lair:5   | Killed a quicksilver ooze
 17707 | Lair:5   | Noticed a rockslime
 17722 | Lair:5   | Killed a rockslime
 17759 | Lair:5   | Noticed a quicksilver ooze
 17771 | Lair:5   | Killed a quicksilver ooze
 17828 | Lair:5   | Noticed a quicksilver ooze
 17833 | Lair:5   | Killed a quicksilver ooze
 17941 | Lair:5   | Noticed an azure jelly
 17950 | Lair:5   | Killed an azure jelly
 17951 | Lair:5   | Noticed an azure jelly
 17958 | Lair:5   | Killed an azure jelly
 18390 | Lair:5   | Reached XP level 15. HP: 137/152 MP: 12/14
 18776 | Orc:1    | Entered Level 1 of the Orcish Mines
 18921 | D:13     | Found a portal to a secret trove of treasure.
 19083 | D:13     | Reached skill level 5 in Armour
 19240 | D:14     | Noticed Snorg
 19245 | D:14     | Reached skill level 19 in Unarmed Combat
 19257 | D:14     | Killed Snorg
 19522 | D:14     | Received a gift from Trog
 19932 | D:15     | Entered Level 15 of the Dungeon
 20412 | D:15     | Found a staircase to the Depths.
 20421 | D:15     | Reached ****** piety under Trog
 21158 | Swamp:1  | Entered Level 1 of the Swamp
 21501 | Spider:1 | Entered Level 1 of the Spider Nest
 21643 | Spider:1 | Noticed an emperor scorpion
 21647 | Spider:1 | Killed an emperor scorpion
 21981 | Spider:1 | Reached XP level 16. HP: 144/162 MP: 12/15
 22298 | Spider:1 | Reached skill level 20 in Unarmed Combat
 22611 | D:11     | Received a gift from Trog
 22707 | Orc:1    | Found Banyo's Armour Shop.
 22789 | Orc:2    | Entered Level 2 of the Orcish Mines
 23405 | Orc:2    | Found a staircase to the Elven Halls.
 23630 | Orc:2    | Received a gift from Trog
 23770 | Orc:2    | Found Zeret's Antique Armour Emporium.
 23771 | Orc:2    | Found Bahyd's Antique Weapon Shoppe.
 23773 | Orc:2    | Found Lesiq's General Store.
 23773 | Orc:2    | Found Botrergh's Book Emporium.
 23834 | Orc:2    | Found Boxeb's Assorted Antiques.
 24204 | Depths:1 | Entered Level 1 of the Depths
 24567 | Depths:1 | Identified the ring of Lilacs {rC+ Dex+4}
 24573 | Depths:1 | Identified the +5 mace "Jellybane" {antimagic, rF+}
 25726 | Spider:1 | Identified the -2 robe of Syhump {Will++ Str+4}
 25727 | Spider:1 | Identified the +1 robe of the Thunderstorm {rC+}
 25911 | Spider:2 | Noticed Roxanne
 25919 | Spider:2 | Received a gift from Trog
 26404 | Spider:2 | Noticed Baxzics's ghost (adept DECj)
 26501 | Spider:2 | Found a transporter.
 26740 | Spider:2 | Found a transporter.
 27451 | Spider:3 | Reached skill level 21 in Unarmed Combat
 27678 | Spider:3 | Received a gift from Trog
 27688 | Spider:3 | Reached XP level 17. HP: 126/172 MP: 16/16
 27887 | Spider:3 | Noticed Arachne
 27974 | Spider:4 | Entered Level 4 of the Spider Nest
 29222 | Spider:3 | Lost intelligence.
 29223 | Spider:3 | HP: 3/175 [ghost moth (9)]
 29223 | Spider:3 | Slain by a ghost moth

Illustrated notes

Levels and vault maps discovered:
D:1:      lemuel_arrival_hallway, layout_basic, minmay_tetromino_t4
D:2:      layout_rooms, serial_forest, infiniplex_forest_straight_5,
          infiniplex_forest_end_2, infiniplex_forest_lined_corner,
          infiniplex_forest_clump_long, infiniplex_forest_end_double,
          infiniplex_forest_end_double, infiniplex_forest_lined_ring,
          infiniplex_forest_lined_room_3, minmay_strange_pillars,
          minmay_stone_trees_small, uniq_natasha
D:3:      layout_loops_cross, mainiacjoe_overflow_alcove_2
D:4:      layout_loops_cross, mainiacjoe_overflow_24_doors,
          nicolae_sif_muna_condensation, minmay_temple_entry_offerings,
          gup_sewer_entry_bubbles
D:5:      layout_basic, tso_altar, kennysheep_pointless_box, uniq_menkaure
D:6:      layout_gridville, mainiacjoe_overflow_boulevard,
          minmay_tree_intersection
D:7:      layout_cave_pools, lemuel_coloured_pillars_altar, chequers_big_river,
          uniq_duvessa
D:8:      layout_basic, nemelex_altar_shiori,
          mainiacjoe_overflow_six_doors_small
D:9:      layout_irregular_city, nicolae_diode_quadrants
D:10:     layout_cave_pools, kennysheep_mini, dpeg_lair_monsters,
          enter_bailey_5, serial_shops, shop, serial_column_ruins,
          column_ruins_open_tiny, column_ruins_columns_corner,
          column_ruins_corridor_corner, minivault_16
D:11:     lemuel_reptile_caves, layout_long_grid, unseen_surprise_small,
          uniq_josephine
D:12:     layout_stronghold, minmay_misc_feat_ornament, minivault_22,
          minmay_misc_feat_iff, trog_three_pillars_becter
D:13:     minmay_outward_triangles, layout_gridville, enter_trove_5
D:14:     layout_basic, grunt_vaults_entry_fortified, uniq_snorg
D:15:     hangedman_depths_entry_civil_slaughter, layout_irregular_city,
          hangedman_decor_peaks_small
Lair:1:   minmay_guarded_unrand_snakebite, layout_misc_corridors,
          grunt_megastairs_3, uniq_prince_ribbit2
Lair:2:   layout_roguey, portal_ice_cave_entry_pillars_2,
          chequers_serial_rivers_small_a, lemuel_fruit_fields
Lair:3:   layout_regular_city, nicolae_swamp_entry_splash_gauntlet,
          spider_nest_entry_webs, basic_altar, minmay_stone_trees_medium,
          infiniplex_staircase_pool_2
Lair:4:   layout_misc_corridors, dpeg_slime_entry_enclosed, beast_lair_carwin_5
Lair:5:   evilmike_catoblepas_cave, layout_loops_ring, special_room
          [special_room_jelly], basic_altar, infiniplex_staircase_pool
Swamp:1:  tekkud_swamp_unearthing_site, layout_basic_swamp,
          evilmike_swamp_ruin_house_6, evilmike_swamp_ruin_rubble_2, uniq_nikola
Spider:1: layout_chambers, hellmonk_motheaten_closet
Spider:2: nicolae_spider_mines_1, gammafunk_ghost_arena, uniq_roxanne
Spider:3: layout_spider_delve, nicolae_spider_jagged_tunnels, uniq_arachne
Spider:4: grunt_spider_rune_circles
Orc:1:    layout_caves, serial_shops, shop
Orc:2:    st_orc_congregation, layout_diamond_mine, serial_shops, shop,
          basic_altar
Depths:1: minmay_the_grid_triangle_9x9_recursive_3
          [minmay_the_grid_triangle_9x9_from_above,
          minmay_the_grid_triangle_9x9_checkered,
          minmay_the_grid_triangle_9x9_warning,
          minmay_the_grid_triangle_9x9_prize_special,
          minmay_the_grid_triangle_9x9_descending_squares,
          minmay_the_grid_triangle_9x9_zippers_horizontal,
          minmay_the_grid_triangle_9x9_limited_checkers,
          minmay_the_grid_triangle_9x9_zippers_vertical,
          minmay_the_grid_triangle_9x9_longest], layout_honeycomb,
          xom_redecorated, hell_entry, horrible_house_mu

Skill      XL: |  1  2  3  4  5  6  7  8  9 10 11 12 13 14 15 16 17 |
---------------+----------------------------------------------------+-----
Fighting       | 3 4 5 6 7 8 9 10 11 12 | 12.4
Unarmed Combat | 3 4 5 7 8 10 12 13 15 16 17 18 19 21 | 21.5
Stealth        | 1 |  1.4
Shields        | 3 4 6 7 9 10 11 12 13 | 13.1
Dodging        | 3 4 6 7 8 |  8.2
Armour         | 2 4 6 7 8 |  8.4

Action                     |  1- 3 |  4- 6 |  7- 9 | 10-12 | 13-15 | 16-18 || total
---------------------------+-------+-------+-------+-------+-------+-------++-------
  Melee: Unarmed           |    51 |   222 |   251 |   593 |   996 |   864 ||  2977
         Scimitar          |       |       |       |     6 |    16 |       ||    22
         Whip              |       |       |       |       |     9 |     6 ||    15
 Invoke: Berserk           |       |     1 |     8 |    10 |     6 |     3 ||    28
         Trog's Hand       |       |       |       |     1 |       |     2 ||     3
  Evoke: Wand              |       |       |       |     3 |       |       ||     3
    Use: Scroll            |       |       |     7 |     5 |    10 |     6 ||    28
         Potion            |       |       |       |     5 |       |     8 ||    13
   Stab: Sleeping          |     2 |       |     1 |       |       |       ||     3
         Distracted        |       |     1 |       |       |       |     1 ||     2
 Armour: Robe              |    27 |   102 |   145 |   369 |   107 |       ||   750
         Acid dragon scale |       |       |       |       |   304 |       ||   304
         Fire dragon scale |       |       |       |       |   220 |   764 ||   984
  Dodge: Dodged            |    20 |    66 |    84 |   178 |   294 |   354 ||   996
  Block: Kite shield       |    17 |    70 |    81 |   233 |   441 |   495 ||  1337

Table legend: (Time is in decaauts)
 A = Elapsed time spent in this place.
 B = Non-inter-level travel time spent in this place.
 C = Inter-level travel time spent in this place.
 D = Time resting spent in this place.
 E = Time spent auto-exploring this place.
 F = Levels seen in this place.
 G = Mean time per level.
                   A        B        C        D        E       F      G
               +--------+--------+--------+--------+--------+-----+--------+
         Total |  28961 |  25650 |   3311 |   1922 |  17535 |  30 |  965.4 |
       Dungeon |  14844 |  12581 |   2263 |    821 |   8970 |  15 |  989.6 |
          Lair |   6442 |   5654 |    788 |    314 |   4006 |   5 | 1288.4 |
         Swamp |     81 |     81 |      0 |      0 |     27 |   1 |   81.0 |
   Spider Nest |   4952 |   4785 |    167 |    647 |   3098 |   4 | 1238.0 |
  Orcish Mines |   1421 |   1333 |     88 |     82 |    827 |   2 |  710.5 |
        Depths |    189 |    187 |      2 |      0 |     68 |   1 |  189.0 |
         Sewer |    621 |    621 |      0 |      0 |    379 |   1 |  621.0 |
        Bailey |    407 |    407 |      0 |     57 |    160 |   1 |  407.0 |
               +--------+--------+--------+--------+--------+-----+--------+

Top non-repeatable levels by time:
    D:11: 2199 daAuts
Spider:1: 1789 daAuts
  Lair:3: 1618 daAuts
  Lair:1: 1575 daAuts
  Lair:5: 1400 daAuts
Spider:3: 1361 daAuts
    D:13: 1342 daAuts
    D:15: 1310 daAuts
    D:12: 1215 daAuts
   Orc:2: 1148 daAuts
     D:8: 1121 daAuts
     D:9: 1116 daAuts
  Lair:2: 976 daAuts
Spider:2: 943 daAuts
    D:10: 911 daAuts
